 Dungeon Crawl Stone Soup version 0.31-a0-988-g08d55dae12 (webtiles) character file.

Game seed: 5407754184310353803

427 Flugkiller the Ducker (level 6, -5/42 HPs)
             Began as an Octopode Shapeshifter on Nov 5, 2023.
             Was an Initiate of Ru.
             Slain by a black bear (9 damage)
             ... on level 5 of the Dungeon.
             The game lasted 00:02:49 (3098 turns).

Flugkiller the Ducker (Octopode Shapeshifter)       Turns: 3098, Time: 00:02:50

Health: -5/42      AC:  1    Str: 13    XL:     6   Next: 97%
Magic:  6/6        EV: 15    Int: 12    God:    Ru [......]
Gold:   183        SH:  0    Dex: 14    Spells: 5/5 levels left

rFire   . .          .
                       - Unarmed
rCold   . . .        (no shield)
rNeg    . . .        (helmet currently unavailable)
rPois   .            (no amulet)
rElec   .            (no ring)
rCorr   .            (no ring)
SInv    .            (no ring)
Will    .....        (no ring)
Stlth   +++          (no ring)
HPRegen 0.27/turn    (no ring)
MPRegen 0.10/turn    (no ring)
                     (no ring)

%: no passive effects
@: beast-form
A: beast (slay +2), almost no armour, amphibious, 8 rings, camouflage 1,
gelatinous body 1, (nimble swimmer 1), tentacles
a: Begin Untransformation, Renounce Religion


You were on level 5 of the Dungeon.
You worshipped Ru.
Ru was noncommittal.
You were a hulking beast.
You visited 1 branch of the dungeon, and saw 5 of its levels.

You collected 183 gold pieces.

Inventory:

Talismans
 b - a beast talisman
 c - a flux talisman
Scrolls
 a - a scroll of enchant armour {unknown}
 d - 4 scrolls of identify {unknown}
 e - a scroll of immolation {unknown}
 f - a scroll of teleportation {unknown}
 g - a scroll of revelation {unknown}
 i - a scroll of blinking {unknown}
 j - 2 scrolls of fog {unknown}
Potions
 h - a potion of invisibility {unknown}
 k - 2 potions of might {unknown}
 l - 2 potions of cancellation {unknown}
 m - 2 potions of curing {unknown}
 n - a potion of heal wounds {unknown}


   Skills:
 - Level 3.0 Fighting
 + Level 4.9 Dodging
 - Level 2.0 Stealth
 - Level 4.0 Unarmed Combat
 - Level 4.0 Shapeshifting


You had 5 spell levels left.
You didn't know any spells.
Your spell library contained the following spells:

 Spells                   Type           Power      Damage    Failure   Level
 Shock                    Conj/Air       0%         1d3       32%         1
 Swiftness                Air            0%         N/A       69%         3
 Tukima's Dance           Hex            0%         N/A       69%         3
 Airstrike                Air            0%         2d(0-16)  97%         4
 Dimensional Bullseye     Hex/Tloc       0%         N/A       97%         4
 Iskenderun's Mystic Bla  Conj/Tloc      0%         2d3       97%         4


Dungeon Overview and Level Annotations

Branches:
Dungeon (5/15) Zot: 26910  Temple (0/1) D:4

Altars:
Fedhas
Kikubaaqudgha
Makhleb
Ru

Shops:
D:5 (

Annotations:
D:2 1 runed translucent door, Crazy Yiuf
D:5 exclusion: ice beast


Innate Abilities, Weirdness & Mutations

You are a hulking beast.
Your limbs bulge with bestial killing power. (Slay +2)
You cannot wear most types of armour.
You are amphibious.
You can wear up to eight rings at the same time.
Your skin changes colour to match your surroundings (Stealth+).
Your rubbery body absorbs attacks. (AC +1, EV +1)
((You are camouflaged when in or above water. (Stealth+)))
You have tentacles for arms and can constrict up to eight enemies at once.


Message History

You constrict the adder.
You feel sick. The adder closely misses you.
You tentacle-slap the adder.
You kill the adder!
You feel sick.
No target in view!
No target in view!
You feel sick.
You feel sick.
You feel sick.
You feel sick.
You are no longer poisoned.
Found a stone staircase leading up.
You open the door.
There is an open door here.
Found a stone staircase leading down.
You open the door.
Key pressed, stopping explore.
Unknown command.
You open the door.
There is an open door here.
Key pressed, stopping explore.
No target in view!
No target in view!
No target in view!
Done exploring.
Done exploring.
Done exploring.
No target in view!
There is a stone staircase leading down here.
You climb downwards.
Found a coppery potion.
There is a stone staircase leading up here.
A scorpion is nearby!
Unknown command.
A scorpion is nearby!
A scorpion is nearby!
The helpless scorpion fails to defend itself.
You tentacle-slap the scorpion. You grab the scorpion.
You squeeze the scorpion, but do no damage.
The scorpion is lightly wounded.
You constrict the scorpion. The scorpion stings you.
You bludgeon the scorpion! You squeeze the scorpion.
The scorpion is severely wounded.
You constrict the scorpion. The scorpion stings you.
You barely miss the scorpion. You squeeze the scorpion!
You kill the scorpion!
No target in view!
Found Worhines's Hydra Hut.
An ice beast comes into view.
An ice beast is nearby!
You aren't carrying any pieces of jewellery.
Unknown command.
Press: ? - help, . - travel You can't see that place. [the floor.] Placed new exclusion.
Found a stone staircase leading down.
An ice beast comes into view.
There is a stone staircase leading up here.
You climb upwards.
There is a stone staircase leading down here.
As you open the door, it creaks loudly!
There is a stone staircase leading down here.
You climb downwards.
Level annotation: exclusion: ice beast
There is a stone staircase leading up here.
Unknown command.
The helpless black bear fails to defend itself.
You tentacle-slap the black bear. Your grab misses the black bear.
The black bear is lightly wounded.
The black bear closely misses you. The black bear claws you. x2
You tentacle-slap the black bear. You grab the black bear.
The black bear is moderately wounded.
You constrict the black bear. The black bear misses you.
The black bear closely misses you. The black bear claws you.
You bludgeon the black bear!
The black bear is heavily wounded.
You constrict the black bear. The black bear bites you.
The black bear closely misses you. x2
You tentacle-slap the black bear.
The black bear is severely wounded.
You constrict the black bear, but do no damage.
The black bear goes berserk!
Unknown command.
You tentacle-slap the black bear.
The black bear is severely wounded.
You constrict the black bear. The black bear bites you!
The black bear claws you! The black bear misses you.
You are too injured to fight recklessly!
You tentacle-slap the black bear.
You squeeze the black bear, but do no damage.
The black bear is almost dead.
You constrict the black bear. The black bear bites you.
* * * LOW HITPOINT WARNING * * *
The black bear claws you.
* * * LOW HITPOINT WARNING * * *
The black bear claws you.
* * * LOW HITPOINT WARNING * * *
The black bear bites you!
You die...

##########
.........
........#
#<# #.#
#.# #h#
#h# ...
..#.. ##.
... ##
.... .
#####


You could see a black bear (berserk).

Vanquished Creatures
  Sigmund (D:2)
  A scorpion (D:5)
  A jelly (D:4)
  A sleepcap (D:4)
  Robin (D:2)
  4 adders
  A worm (D:3)
  4 dart slugs
  4 orcs (D:3)
  3 bats
  4 endoplasms
  7 giant cockroaches
  16 goblins
  8 hobgoblins
  7 jackals
  4 kobolds
  2 quokkas (D:1)
  13 ball pythons
  2 frilled lizards
  4 rats
88 creatures vanquished.

Notes
Turn   | Place    | Note
-------+----------+-------------------------------------------
     0 | D:1      | Flugkiller the Octopode Shapeshifter began the quest for
                  | the Orb.
     0 | D:1      | Reached XP level 1. HP: 13/13 MP: 1/1
    75 | D:1      | Reached XP level 2. HP: 15/18 MP: 2/2
   410 | D:1      | Reached XP level 3. HP: 23/23 MP: 3/3
   810 | D:2      | Noticed Robin
   839 | D:2      | Killed Robin
   871 | D:2      | Reached XP level 4. HP: 28/28 MP: 4/4
   881 | D:2      | Noticed Sigmund
   969 | D:2      | Killed Sigmund
   970 | D:2      | Reached XP level 5. HP: 36/36 MP: 5/5
  1274 | D:2      | Reached XP level 6. HP: 37/42 MP: 6/6
  1291 | D:2      | Found a runed translucent door.
  1292 | D:2      | Noticed Crazy Yiuf
  1751 | D:3      | Found an ancient bone altar of Kikubaaqudgha.
  1751 | D:3      | Found a blossoming altar of Fedhas.
  1993 | D:3      | Found a sacrificial altar of Ru.
  2002 | D:3      | Became a worshipper of Ru the Awakened
  2449 | D:4      | Found a staircase to the Ecumenical Temple.
  2527 | D:4      | Found a burning altar of Makhleb.
  3009 | D:5      | Entered Level 5 of the Dungeon
  3018 | D:5      | Found Worhines's Hydra Hut.
  3019 | D:5      | Noticed an ice beast
  3037 | D:5      | Noticed an ice beast
  3089 | D:5      | Noticed a black bear
  3098 | D:5      | Slain by a black bear

Illustrated notes

Levels and vault maps discovered:
D:1:      lemuel_arrival_tunnels, layout_loops_ring
D:2:      layout_loops_ring, uniq_sigmund, uniq_crazy_yiuf_cottage, uniq_robin
D:3:      layout_rooms, grunt_temple_overflow_growth_and_decay,
          nicolae_ru_awakened_eye
D:4:      layout_basic, lemuel_crystal_altar, temple_fountains
D:5:      layout_loops_ring, xom_confusion_cloud, okawaru_gym_becter,
          nemelex_xobeh_ov_fountains_minmay, gammafunk_ghost_cemetery,
          doesnt_shop_hydraphobe, uniq_edmund

Skill      XL: |  1  2  3  4  5  6 |
---------------+-------------------+-----
Unarmed Combat | 4 |  4.0
Shapeshifting  | 4 |  4.0
Fighting       | 3 |  3.0
Stealth        | 2 |  2.0
Dodging        | 3 4 |  4.9

Action                     |  1- 3 |  4- 6 || total
---------------------------+-------+-------++-------
  Melee: Unarmed           |    72 |   105 ||   177
         Constrict         |    17 |    28 ||    45
         Tentacles         |    11 |    17 ||    28
         Punch             |     1 |     4 ||     5
    Use: Potion            |       |     1 ||     1
   Stab: Sleeping          |     3 |    10 ||    13
         Distracted        |       |     3 ||     3
 Armour: Skin              |    24 |    48 ||    72
  Dodge: Dodged            |    41 |    50 ||    91

Table legend: (Time is in decaauts)
 A = Elapsed time spent in this place.
 B = Non-inter-level travel time spent in this place.
 C = Inter-level travel time spent in this place.
 D = Time resting spent in this place.
 E = Time spent auto-exploring this place.
 F = Levels seen in this place.
 G = Mean time per level.
                   A        B        C        D        E       F      G
               +--------+--------+--------+--------+--------+-----+--------+
         Total |   3086 |   2910 |    176 |    341 |   2047 |   5 |  617.2 |
       Dungeon |   3086 |   2910 |    176 |    341 |   2047 |   5 |  617.2 |
               +--------+--------+--------+--------+--------+-----+--------+

Top non-repeatable levels by time:
     D:1: 877 daAuts
     D:4: 817 daAuts
     D:2: 775 daAuts
     D:3: 562 daAuts
     D:5: 54 daAuts
